 Dungeon Crawl Stone Soup version 0.15.2 (webtiles) character file.

75917 glosham the Severer (level 15, 0/95 HPs)
             Began as a Gargoyle Healer on Feb 9, 2016.
             Was the Champion of Trog.
             Killed from afar by a spriggan druid (23 damage)
             ... with a stone arrow
             ... on Level 5 of the Swamp on Feb 10, 2016.
             The game lasted 06:37:43 (27279 turns).

glosham the Severer (Gargoyle Healer)              Turns: 27279, Time: 06:37:44

HP   0/95        AC 38     Str 23      XL: 15   Next: 51%
MP  20/20        EV  6     Int 12      God: Trog [******]
Gold 1303        SH  0     Dex  9      Spells:  0 memorised, 14 levels left

rFire  + . .     SeeInvis .     a - +6 battleaxe of Instant Death {vamp, +Inv rF+}
rCold  . . .     Clarity  .     X - +4 plate armour
rNeg   + + .     rCorr    .     (no shield)
rPois  +         rRot     +     (no helmet)
rElec  +         Spirit   .     Y - +2 cloak
SustAb .         Warding  +     V - +0 pair of gloves
rMut   .         Stasis   .     W - +0 pair of boots
Gourm  .                        z - amulet of warding
MR     +....                    B - +2 ring of protection
                                A - +3 ring of protection

@: exhausted, flying, slowed, very slow, somewhat resistant to hostile
enchantments, extremely unstealthy
A: able to fly continuously, big wings, negative energy resistance 1,
electricity resistance, unbreathing, petrification resistance, rot immunity, AC
+11
a: Stop Flying, Burn Spellbooks, Berserk, Trog's Hand, Brothers in Arms,
Renounce Religion, Evoke Invisibility


You were on level 5 of the Swamp.
You worshipped Trog.
Trog was exalted by your worship.
You were very hungry.

You visited 3 branches of the dungeon, and saw 25 of its levels.

You collected 1456 gold pieces.
You spent 153 gold pieces at shops.

Inventory:

Hand weapons
 a - the +6 battleaxe of Instant Death (weapon) {vamp, +Inv rF+}
   (Trog gifted it to you on level 12 of the Dungeon)

   It inflicts no extra harm, but heals its wielder somewhat when it strikes a
   living foe.
   It protects you from fire.
   It lets you turn invisible.
 b - a +5 antimagic broad axe
 L - a +7 broad axe of venom
Armour
 d - a swamp dragon hide
 e - a +10 plate armour of ponderousness
 K - a +2 buckler
 P - a +1 leather armour of magic resistance
 R - a +2 robe of positive energy
 S - a +1 ring mail of cold resistance
 T - a +1 leather armour of fire resistance
 V - a +0 pair of gloves (worn)
 W - a +0 pair of boots (worn)
 X - a +4 plate armour (worn)
 Y - a +2 cloak (worn)
Magical devices
 g - a wand of digging (23)
 h - a wand of disintegration (4)
Comestibles
 c - 11 bread rations
 w - a rotting chunk of swamp dragon flesh
 M - a slice of pizza
 N - a meat ration
Scrolls
 k - 3 scrolls of teleportation
 l - 5 scrolls of blinking
 m - 9 scrolls of fog
 n - a scroll of fear
 o - 4 scrolls of remove curse
 p - 4 scrolls of magic mapping
 q - 3 scrolls of recharging
 O - a scroll of enchant weapon
Jewellery
 x - an uncursed amulet of resist corrosion
 y - an uncursed amulet of resist mutation
 z - an amulet of warding (around neck)
 A - a +3 ring of protection (left hand)
 B - a +2 ring of protection (right hand)
 C - an uncursed ring of ice
 I - an uncursed ring of see invisible
 Q - an uncursed ring of teleportation
Potions
 f - a potion of restore abilities
 j - 3 potions of lignification
 r - 9 potions of heal wounds
 s - 9 potions of curing
 t - 5 potions of resistance
 u - 2 potions of haste
 v - 3 potions of agility
 D - 4 potions of cancellation
 E - 3 potions of invisibility
 F - 2 potions of mutation {unknown}
 G - 3 potions of brilliance
 H - a potion of might {unknown}
 J - a potion of berserk rage {unknown}
Books
 i - a book of Dreams

   Spells                             Type                      Level
   Ensorcelled Hibernation            Hexes/Ice                    2
   Flight                             Charms/Air                   3
   Phase Shift                        Translocation                5
   Shadow Creatures                   Summoning                    5
   Mass Confusion                     Hexes                        6
   Darkness                           Hexes                        7
   Trog disapproves of the use of such an item.


   Skills:
 - Level 11.6 Fighting
 * Level 20.0 Axes
 - Level 6.2 Armour
 - Level 4.8 Dodging
   Level 3.0 Invocations


You had 14 spell levels left.
You didn't know any spells.

Dungeon Overview and Level Annotations

Branches:
Dungeon (12/15)            Temple (0/1) D:6             Orc (0/4) D:12
   Lair (8/8) D:8           Swamp (5/5) Lair:6       Spider (0/5) Lair:6
  Slime (0/6) Lair:7

Altars:
Ashenzari
Dithmenos
Fedhas
Kikubaaqudgha
Nemelex Xobeh
Okawaru
Qazlal
Sif Muna
Trog
Vehumet
Xom
Yredelemnul
Zin
The Shining One

Shops:
D:9 :   D:10 [

Annotations:
D:9 Dangus' ghost, experienced HOFi


Innate Abilities, Weirdness & Mutations

You are resistant to torment.
You are immune to poison.
You can fly continuously.
Your stone body is very resilient (AC +11).
Your wings are large and strong.
You resist negative energy.
You are resistant to electric shocks.
You can survive without breathing.
You are immune to petrification.
You are immune to rotting.


Message History

The six-headed hydra looks frightened!
The swamp drake looks frightened!
The 20-headed hydra looks frightened!
The swamp dragon looks frightened!
The alligator looks frightened!
The spriggan druid resists with almost no effort.
The raven looks frightened!
The raven is engulfed in poison gas.
The raven looks even sicker.
The spriggan druid casts a spell at you.
The stone arrow hits you!
The raven is engulfed in poison gas.
The raven looks even sicker.
The spriggan druid calls out to the beasts of the wild!
The spriggan druid calls out to the beasts of the wild!
An eight-headed hydra comes into view.
You see here a glowing battleaxe {god gift}.
A hydra and a swamp drake come into view.
The alligator puts on a burst of speed!
The spriggan druid hits you with a quarterstaff!
* * * LOW HITPOINT WARNING * * *
You miss the spriggan druid.
The spriggan druid hits you but does no damage.
A swamp dragon comes into view.
Unknown command.
You slice the alligator!!
The alligator is moderately wounded.
You slash the spriggan druid!
You feel better.
The spriggan druid is moderately wounded.
You lop one of the eight-headed hydra's heads off!
The seven-headed hydra grows two more!
You slash the nine-headed hydra!
The nine-headed hydra is lightly wounded.
The nine-headed hydra bites you but does no damage. x4
The nine-headed hydra barely misses you.
The nine-headed hydra bites you.
* * * LOW HITPOINT WARNING * * *
The nine-headed hydra closely misses you.
The nine-headed hydra bites you but does no damage.
The nine-headed hydra completely misses you.
The alligator bites you but does no damage.
The alligator tail-slaps you but does no damage.
The spriggan druid casts a spell at you.
The stone arrow hits you!
You die...

♣P≈≈.≈≈≈≈k≈♣♣♣♣♣♣≈≈≈.♣♣♣♣.≈≈
♣≈≈≈≈≈≈≈.≈.♣ ♣≈≈.§≈.♣♣♣.)≈≈
♣.≈≈≈≈≈.....♣♣♣♣≈..≈≈.≈♣♣.)≈≈
♣≈≈≈≈≈≈.....≈≈.≈..≈§♣(≈♣♣.≈≈≈
..≈≈≈≈.≈≈≈≈≈≈≈k.D♣♣♣..≈≈≈§≈≈
)♣.≈D.≈≈≈≈≈≈≈D≈♣≈≈.≈≈≈≈≈≈≈≈
♣≈..≈..≈)%.♣♣♣...≈≈≈≈≈≈≈≈
≈≈≈..≈≈≈≈t≈♣♣♣♣♣♣≈.≈≈≈≈≈≈
≈≈≈..≈≈D@≈≈.♣ ♣≈≈≈≈≈≈≈≈
.≈≈..≈≈≈i≈≈(♣ ♣♣.≈≈≈.♣♣
..≈♣♣..%≈.♣♣ ♣.≈.♣♣♣ ♣♣
♣♣♣♣♣♣♣ ♣♣♣.≈.♣♣♣♣ ♣..≈≈≈.≈≈♣
♣♣.§.♣≈≈≈≈≈ ♣≈≈≈♣.≈≈≈.≈ ♣♣♣♣♣
♣♣≈≈♣♣≈≈≈≈≈ ♣≈≈.♣ ♣§.≈≈.≈≈≈≈≈


You could see an alligator, a nine-headed hydra, a six-headed hydra, 2 swamp
dragons, a spriggan druid and a swamp drake.

Vanquished Creatures
  6 dire elephants (Lair:8)
  Fannar (Lair:5)
  An anaconda (Lair:8)
  5 hydras
  2 shambling mangroves
  5 death yaks
  3 alligators
  Nergalle (D:11)
  A fire crab (Lair:8)
  An unseen horror (D:11)
  A spriggan druid (Swamp:5)
  3 hill giants (D:11)
  7 swamp dragons
  A necromancer (Lair:4)
  2 red wasps
  3 griffons
  3 oklob plants (Lair:1)
  A manticore (D:12)
  4 elephants (Lair:8)
  3 ugly things
  Maurice (D:8)
  12 spiny frogs
  2 cyclopes
  7 black mambas
  5 kobold demonologists (D:12)
  An item mimic (Lair:2)
  3 komodo dragons
  A merfolk (D:11)
  3 giant leeches
  A fire drake (Lair:6)
  2 baby alligators (Swamp:4)
  2 trolls (D:12)
  19 blink frogs
  5 slime creatures (Swamp:4)
  5 ravens
  2 shadows
  2 bog bodies
  53 yaks
  4 basilisks
  7 spriggans
  A human (D:11)
  A wyvern (Lair:8)
  4 wolves (Lair:2)
  3 vampire mosquitoes (Swamp:4)
  A deep elf mage (D:9)
  A warg (D:12)
  9 hippogriffs
  2 hungry ghosts
  19 swamp worms
  19 water moccasins
  13 porcupines
  10 orc warriors
  8 swamp drakes
  3 ice beasts
  5 ogres
  3 phantoms
  7 sky beasts
  An elephant zombie (Lair:4)
  2 boring beetles
  5 yellow wasps
  5 centaurs
  5 big kobolds
  18 giant frogs
  14 crocodiles
  6 insubstantial wisps (Swamp:1)
  A troll zombie (D:10)
  2 scorpions (D:7)
  An eye of draining (D:10)
  13 wights
  15 killer bees
  11 electric eels
  4 crimson imps
  9 hounds
  A boring beetle zombie (D:12)
  3 jellies
  18 orc priests
  A goliath beetle (D:6)
  13 orc wizards
  6 iguanas
  3 yak simulacra (Lair:5)
  4 polar bear simulacra (Lair:5)
  2 worker ants
  A killer bee zombie (D:8)
  A wolf simulacrum (Lair:5)
  2 crocodile zombies (Lair:4)
  20 sheep
  Terence (D:2)
  A hound skeleton (D:8)
  3 gnolls
  A worker ant zombie (D:5)
  56 green rats
  An orc zombie (D:10)
  A shadow imp (D:7)
  25 adders
  2 giant mites
  A worm (D:2)
  An ufetubus (D:12)
  3 giant geckos
  An ooze (D:2)
  64 orcs
  4 ball pythons
  13 bats
  3 giant cockroaches
  14 hobgoblins
  24 jackals
  16 quokkas
  A ball python skeleton (D:4)
  5 giant newts
  A giant spore (D:12)
  13 goblins
  A goblin skeleton (D:5)
  3 green rat simulacra (Lair:5)
  A hobgoblin skeleton (D:9)
  A hobgoblin zombie (D:5)
  A jackal zombie (D:7)
  36 kobolds
  An orc skeleton (D:4)
  12 rats
  4 ballistomycetes (D:12)
  3 bushes
  10 fungi
  15 plants
830 creatures vanquished.

Vanquished Creatures (collateral kills)
  A gargoyle (D:11)
1 creature vanquished.

Vanquished Creatures (others)
  A necromancer (Lair:5)
  4 fungi
  13 plants
18 creatures vanquished.

Grand Total: 849 creatures vanquished

Notes
Turn   | Place    | Note
--------------------------------------------------------------
     0 | D:1      | glosham, the Gargoyle Healer, began the quest for the Orb.
     0 | D:1      | Reached XP level 1. HP: 12/12 MP: 2/2
   115 | D:1      | Reached skill level 2 in Fighting
   116 | D:1      | Reached XP level 2. HP: 17/17 MP: 3/3
   626 | D:1      | Found a shattered altar of Ashenzari.
   729 | D:1      | Reached skill level 1 in Armour
  1008 | D:1      | Reached XP level 3. HP: 18/22 MP: 5/5
  1333 | D:2      | Reached skill level 3 in Fighting
  1711 | D:2      | Reached XP level 4. HP: 7/29 MP: 6/6
  2008 | D:2      | Noticed Terence
  2026 | D:2      | Killed Terence
  2026 | D:2      | Reached skill level 4 in Fighting
  2475 | D:3      | Found a shimmering altar of Xom.
  2755 | D:3      | Reached XP level 5. HP: 29/34 MP: 8/8
  2841 | D:3      | Reached skill level 5 in Fighting
  3285 | D:3      | Reached skill level 6 in Fighting
  3285 | D:3      | Reached XP level 6. HP: 31/41 MP: 9/9
  3535 | D:4      | Found a blossoming altar of Fedhas.
  3544 | D:4      | Found a bloodstained altar of Trog.
  3550 | D:4      | Fell from the grace of Elyvilon
  3550 | D:4      | Became a worshipper of Trog the Wrathful
  4186 | D:4      | Reached skill level 7 in Fighting
  4385 | D:5      | Entered Level 5 of the Dungeon
  4414 | D:5      | Reached XP level 7. HP: 39/48 MP: 11/11
  4422 | D:5      | Acquired Trog's first power
  4458 | D:5      | Reached skill level 8 in Fighting
  4982 | D:5      | Found a basalt altar of Yredelemnul.
  5644 | D:6      | Found a glowing silver altar of Zin.
  5694 | D:5      | Reached skill level 9 in Fighting
  5801 | D:6      | Reached XP level 8. HP: 48/56 MP: 12/12
  6106 | D:6      | Found a shadowy altar of Dithmenos.
  6106 | D:6      | Found a deep blue altar of Sif Muna.
  6107 | D:6      | Found an ancient bone altar of Kikubaaqudgha.
  6107 | D:6      | Found an iron altar of Okawaru.
  6228 | D:6      | Acquired Trog's second power
  6293 | D:6      | Found a staircase to the Ecumenical Temple.
  6457 | D:6      | Reached skill level 10 in Fighting
  6520 | D:6      | Reached skill level 1 in Axes
  6979 | D:6      | Reached skill level 2 in Axes
  7103 | D:5      | Reached skill level 3 in Axes
  7743 | D:7      | Reached skill level 4 in Axes
  7743 | D:7      | Reached XP level 9. HP: 63/63 MP: 14/14
  7968 | D:7      | Reached skill level 5 in Axes
  8187 | D:7      | Reached skill level 6 in Axes
  8453 | D:7      | Noticed a purple ugly thing
  8462 | D:7      | Killed a purple ugly thing
  8462 | D:7      | Reached skill level 7 in Axes
  8601 | D:7      | Found a sparkling altar of Nemelex Xobeh.
  8817 | D:7      | Reached skill level 8 in Axes
  8948 | D:8      | Received a gift from Trog
  9128 | D:8      | Reached XP level 10. HP: 68/68 MP: 15/15
  9189 | D:8      | Found a glowing golden altar of the Shining One.
  9286 | D:8      | Noticed Maurice
  9303 | D:8      | Reached skill level 9 in Axes
  9345 | D:8      | Killed Maurice
  9439 | D:8      | Received a gift from Trog
  9580 | D:8      | Acquired Trog's third power
  9808 | D:7      | Reached skill level 10 in Axes
  9979 | D:7      | Reached skill level 2 in Armour
 10045 | D:8      | Reached skill level 3 in Armour
 10091 | D:8      | Found a staircase to the Lair.
 10179 | D:8      | Reached skill level 4 in Armour
 10429 | Lair:1   | Entered Level 1 of the Lair of Beasts
 10471 | D:8      | Reached skill level 5 in Armour
 10767 | Lair:1   | Reached skill level 6 in Armour
 10825 | Lair:1   | Reached XP level 11. HP: 40/73 MP: 17/17
 11039 | Lair:1   | Reached skill level 11 in Axes
 11906 | Lair:1   | Reached skill level 12 in Axes
 11994 | Lair:1   | Received a gift from Trog
 12101 | Lair:1   | Noticed an oklob plant
 12103 | Lair:1   | Noticed an oklob plant
 12103 | Lair:1   | Noticed an oklob plant
 12390 | Lair:1   | Noticed a black mamba
 12409 | Lair:1   | Killed a black mamba
 12588 | Lair:1   | Noticed a black mamba
 12599 | Lair:1   | Killed a black mamba
 13198 | Lair:2   | Noticed a spriggan rider
 13218 | Lair:2   | Killed a yellow wasp
 13220 | Lair:2   | Killed a spriggan
 13326 | Lair:2   | Reached skill level 13 in Axes
 13454 | Lair:2   | Received a gift from Trog
 13818 | Lair:2   | Reached XP level 12. HP: 74/78 MP: 6/18
 14324 | Lair:3   | Reached skill level 14 in Axes
 14635 | Lair:3   | Noticed a death yak
 14646 | Lair:3   | Killed a death yak
 15653 | Lair:3   | Received a gift from Trog
 15996 | Lair:4   | Reached skill level 11 in Fighting
 16288 | Lair:4   | Reached skill level 15 in Axes
 17110 | D:9      | Noticed Dangus' ghost (experienced HOFi)
 17270 | D:9      | Received a gift from Trog
 17310 | D:9      | Got an ancient broad axe
 17311 | D:9      | Identified the +4 broad axe "Rympocuurch" {elec, Dex+2} (You found it on level 9 of the Dungeon)
 17433 | D:9      | Got a steaming leather armour
 17579 | D:9      | Found Klikk's Book Shoppe.
 17606 | D:10     | Entered Level 10 of the Dungeon
 17751 | D:10     | Found a radiant altar of Vehumet.
 17803 | D:10     | Reached XP level 13. HP: 84/84 MP: 7/19
 18067 | D:10     | Identified the +4 leather armour "Ifru" {Dex+3 Int+5} (You found it on level 9 of the Dungeon)
 18123 | D:10     | Found Waypp's Antique Armour Emporium.
 18126 | D:10     | Bought a pair of gloves for 153 gold pieces
 18409 | Lair:1   | Killed an oklob plant
 18506 | Lair:1   | Killed an oklob plant
 18671 | Lair:1   | Killed an oklob plant
 18813 | Lair:4   | Reached skill level 16 in Axes
 18890 | Lair:5   | Identified a scroll of acquirement
 18898 | Lair:5   | Noticed Fannar
 18916 | Lair:5   | Killed Fannar
 19115 | Lair:1   | Received a gift from Trog
 20133 | Lair:6   | Found a hole to the Spider Nest.
 20464 | Lair:6   | Found a staircase to the Swamp.
 20500 | Lair:6   | Received a gift from Trog
 20827 | Lair:6   | Reached skill level 17 in Axes
 21416 | Lair:7   | Found a staircase to the Slime Pits.
 21727 | Lair:8   | Entered Level 8 of the Lair of Beasts
 22273 | Lair:8   | Got an agate-encrusted ring mail
 22315 | Lair:7   | Gained mutation: Your wings are large and strong. [gargoyle growth]
 22315 | Lair:7   | Reached XP level 14. HP: 46/90 MP: 6/20
 22516 | Lair:7   | Identified the +0 ring mail of the Bulwark {rElec} (You found it on level 8 of the Lair of Beasts)
 22578 | Lair:8   | Found a stormy altar of Qazlal.
 23103 | Lair:8   | Reached skill level 18 in Axes
 23116 | Lair:8   | Received a gift from Trog
 24141 | D:11     | Reached skill level 2 in Dodging
 24269 | D:11     | Noticed Nergalle
 24278 | D:11     | Killed Nergalle
 24375 | D:11     | Reached skill level 3 in Dodging
 24660 | D:11     | Reached skill level 4 in Dodging
 25060 | D:12     | Got a smelly chain mail
 25086 | D:11     | Identified the cursed -4 chain mail of Qyady {Dex+4 Stlth+} (You found it on level 12 of the Dungeon)
 25305 | D:12     | Received a gift from Trog
 25317 | D:12     | Got a twisted battleaxe {god gift}
 25370 | D:12     | Identified the +6 battleaxe of Instant Death {vamp, +Inv rF+} (Trog gifted it to you on level 12 of the Dungeon)
 25503 | D:12     | Found a staircase to the Orcish Mines.
 26226 | Swamp:1  | Entered Level 1 of the Swamp
 26473 | Swamp:1  | Reached skill level 19 in Axes
 26475 | Swamp:1  | Reached XP level 15. HP: 78/95 MP: 20/20
 26664 | Swamp:5  | Entered Level 5 of the Swamp
 26674 | Swamp:5  | Received a gift from Trog
 27258 | Swamp:5  | Received a gift from Trog
 27258 | Swamp:5  | Reached skill level 20 in Axes
 27279 | Swamp:5  | Killed from afar by a spriggan druid

Action                   |  1- 3 |  4- 6 |  7- 9 | 10-12 | 13-15 || total
-------------------------+-------+-------+-------+-------+-------++-------
Melee: Mace              |   208 |   318 |   296 |       |       ||   822
       Unarmed           |     7 |       |       |       |       ||     7
       Dagger            |       |    13 |    27 |       |       ||    40
       War axe           |       |       |   148 |       |       ||   148
       Hand axe          |       |       |   153 |   724 |     7 ||   884
       Broad axe         |       |       |       |   534 |  1012 ||  1546
       Battleaxe         |       |       |       |       |   416 ||   416
 Fire: Longbow           |       |       |       |       |     2 ||     2
Throw: Throwing net      |       |       |       |     4 |       ||     4
Invok: Berserk           |       |       |     9 |     3 |    10 ||    22
       Burn Spellbooks   |       |       |       |       |     2 ||     2
       Brothers in Arms  |       |       |       |       |     1 ||     1
 Abil: Fly               |       |       |       |       |     3 ||     3
Evoke: Wand              |       |       |       |     2 |    10 ||    12
  Use: Scroll            |     9 |     4 |     7 |     8 |    12 ||    40
 Stab: Distracted        |       |       |     1 |       |       ||     1
  Eat: Chunk             |     3 |     8 |    18 |    33 |    36 ||    98
       Fruit             |       |     1 |     9 |       |    11 ||    21
       Beef jerky        |       |       |     1 |       |     1 ||     2
       Pizza             |       |       |       |       |     2 ||     2

Table legend:
 A = Turns spent in this place as a percentage of turns spent in the entire game.
 B = Non-inter-level travel turns spent in this place as a percentage of non-inter-level travel turns spent in the entire game.
 C = Inter-level travel turns spent in this place as a percentage of turns spent in this place.
 D = Turns resting spent in this place as a percentage of non-inter-level travel turns spent in this place.
 E = Turns spent auto-exploring this place as a percentage of non-inter-level travel turns spent in this place.
 F = Non-inter-level travel turns spent in this place divided by the number of levels of this place that you've seen.
                   A       B       C       D       E      F
               +-------+-------+-------+-------+-------+----------------------
         Total | 100.0 | 100.0 |   0.7 |   1.5 |   0.3 | 673.6
       Dungeon |  50.8 |  50.8 |   0.8 |   1.8 |   0.3 | 712.2
          Lair |  43.2 |  43.2 |   0.6 |   1.3 |   0.2 | 910.1
         Swamp |   6.0 |   6.0 |   0.0 |   0.5 |   0.0 | 202.6
               +-------+-------+-------+-------+-------+----------------------

Table legend:
 A = Kills in this place as a percentage of kills in entire the game.
 B = Kills by you in this place as a percentage of kills by you in the entire game.
 C = Kills by friends in this place as a percentage of kills by friends in the entire game.
 D = Other kills in this place as a percentage of other kills in the entire game.
 E = Experience gained in this place as a percentage of experience gained in the entire game.
 F = Experience gained in this place divided by the number of levels of this place that you have seen.
                   A       B       C       D       E      F
               +-------+-------+-------+-------+-------+----------------------
         Total | 100.0 | 100.0 | 100.0 | 100.0 | 100.0 | 4338.1
       Dungeon |  50.7 |  50.7 | 100.0 |   0.0 |  23.6 | 2131.4
          Lair |  39.2 |  39.1 |   0.0 | 100.0 |  52.1 | 7061.4
         Swamp |  10.1 |  10.2 |   0.0 |   0.0 |  24.3 | 5277.0
               +-------+-------+-------+-------+-------+----------------------

Vault maps used:
D:1:      dpeg_chamrin_arrival_tetris, evilmike_ruin_ashenzari
D:2:      minmay_misc_feat_nine_boxes, serial_bayou_pond_d,
          corexii_item_surrounded_by_moat, uniq_terence
D:3:      lemuel_crystal_altar
D:4:      gammafunk_temple_overflow_pools
D:5:      yredelemnul_altar_generic, first_bread, st_stairs_14
D:6:      grunt_temple_overflow_open, minmay_temple_entry_overgrown
D:7:      kb_lookout_dungeons_type, nemelex_spade_bored_becter
D:8:      tso_oasis_becter, minmay_lair_entry_grove, uniq_maurice
D:9:      serial_shops, shop_fountains, minmay_strange_pillars
D:10:     basic_altar, serial_shops, kennysheep_mini
D:11:     hangedman_stone_soup, uniq_nergalle
D:12:     erik_orc_4
Lair:1:   minivault_23, disabler_island
Lair:2:   nicolae_quartered_pool_super, grunt_forest_large_clearings
Lair:3:   serial_bayou, serial_bayou_pond_c, serial_bayou_pond_e,
          serial_bayou_lagoon_b, serial_bayou_pond_a, bh_chokoban,
          grunt_forest_large_clearing_hut
Lair:4:   pond_and_an_island_with_a_cottage
Lair:5:   eino_house_with_fridge, uniq_fannar
Lair:6:   nicolae_swamp_entry_splash_gauntlet, dummy_spider_entry
Lair:7:   slime_dummy, nicolae_quartered_pool_little
Lair:8:   due_jungle_book, basic_altar, serial_bayou_shore_b,
          infiniplex_staircase_pool_2
Swamp:1:  evilmike_swamp_ruin_house_6
Swamp:2:  evilmike_swamp_ruin_house_2, swamp_pool2, st_swamp_mini, uniq_snorg
Swamp:3:  evilmike_swamp_ruin_house_5
Swamp:4:  evilmike_swamp_ruin_wall
Swamp:5:  swamp_old_school, uniq_jorgrun
